 Dungeon Crawl Stone Soup version 0.30-a0-924-g0ad0bf95bc (webtiles) character file.

Game seed: 6643243469234411709

37 Juicyj the Chopper (level 3, -5/31 HPs)
             Began as a Minotaur Gladiator on Mar 22, 2023.
             Slain by an iron imp (8 damage)
             ... summoned by Natasha
             ... on level 2 of the Dungeon.
             The game lasted 00:02:26 (756 turns).

Juicyj the Chopper (Minotaur Gladiator)              Turns: 756, Time: 00:02:27

Health: -5/31      AC:  3    Str: 20    XL:     3   Next: 23%
Magic:  2/2        EV: 12    Int:  5    God:
Gold:   76         SH:  0    Dex: 11    Spells: 2/2 levels left

rFire   . . .      SeeInvis +    a - +0 war axe
rCold   . . .      Faith    .    (no shield)
rNeg    . . .      Spirit   .    b - +0 leather armour
rPois   .          Reflect  .    c - +0 hat
rElec   .          Rampage  .    (no cloak)
rCorr   .                        (no gloves)
Will    .....                    (no boots)
Stlth   +                        (no amulet)
HPRegen 0.25/turn                i - ring of see invisible
MPRegen 0.08/turn                (no ring)

@: slowed, very slow
A: horns 2, retaliatory headbutt
a: no special abilities


You were on level 2 of the Dungeon.
You visited 1 branch of the dungeon, and saw 2 of its levels.

You collected 76 gold pieces.

Inventory:

Hand Weapons
 a - a +0 war axe (weapon)
Missiles
 d - 3 throwing nets (quivered)
 e - a javelin
Armour
 b - a +0 leather armour (worn)
 c - a +0 hat (worn)
Jewellery
 i - a ring of see invisible (left hand)
Scrolls
 h - a scroll of brand weapon {unknown}
 k - 2 scrolls of identify {unknown}
Potions
 f - 2 potions of heal wounds {unknown}
 g - a potion of mutation {unknown}
 j - a potion of curing {unknown}


   Skills:
 + Level 3.1 Fighting
 + Level 4.1 Axes
 + Level 2.5 Throwing
 + Level 3.7 Dodging


You had 2 spell levels left.
You didn't know any spells.
Your spell library contained the following spells:

 Spells                   Type           Power      Damage    Failure   Level
 Apportation              Tloc           0%         N/A       54%         1
 Necrotise                Necr           0%         1d4       54%         1
 Summon Small Mammal      Summ           0%         N/A       54%         1


Dungeon Overview and Level Annotations

Branches:
Dungeon (2/15)

Altars:

Shops:
D:1 :

Annotations:
D:2 Natasha


Innate Abilities, Weirdness & Mutations

You have a pair of horns on your head.
You reflexively headbutt those who attack you in melee.


Message History

Your experience leads to an increase in your attributes!
Increase (S)trength, (I)ntelligence, or (D)exterity?
You feel stronger. x2
You feel yourself speed up.
Natasha, Servant of Life and Death comes into view.
Natasha is nearby!
Natasha is nearby!
Natasha claws you.
You barely miss Natasha.
Natasha casts a spell.
You closely miss Natasha.
Natasha drinks a potion.
Natasha's spells are empowered!
The iron imp disappears for a moment.
You closely miss Natasha.
Natasha stares at you and mumbles some strange words.
The magic dart hits you! Natasha completely misses you.
You hit the iron imp.
The iron imp is moderately wounded.
You hit Natasha. Natasha casts a spell at you.
You feel yourself slow down. The iron imp closely misses you.
You closely miss the iron imp.
The iron imp is moderately wounded.
You barely miss Natasha. Natasha misses you.
The iron imp completely misses you. Natasha casts a spell at you.
You struggle to resist.
You hit the iron imp.
The iron imp is severely wounded.
You miss Natasha.
Natasha casts a spell.
The iron imp hits you. Natasha misses you. You furiously retaliate!
You headbutt Natasha! The iron imp hits you!
* * * LOW HITPOINT WARNING * * *
You barely miss Natasha.
Natasha is severely wounded.
You hit the iron imp but do no damage. You hit the iron imp.
Natasha casts a spell.
The iron imp hits you!
You die...

#### .... # #...##
.... ## ....##... #.
...#..# #. ....####
#.
#††....#####.#####.
#.####.....#.......
##.5$...........####
#..@5...............
#.##h####### ######.
#. #5# ## #. #.# #
#. #.# ### .. #.#
#.. #.# #.# #.# #.#
#.## #.#


You could see 2 iron imps, Natasha (empowered) and a crimson imp (summoned).

Vanquished Creatures
  Natasha (D:2)
  2 endoplasms (D:1)
  2 goblins
  2 hobgoblins (D:1)
  A quokka (D:2)
  2 bats (D:2)
  2 frilled lizards (D:1)
  A kobold (D:1)
13 creatures vanquished.

Vanquished Creatures (others)
  2 plants (D:1)
2 creatures vanquished.

Grand Total: 15 creatures vanquished

Notes
Turn   | Place    | Note
-------+----------+-------------------------------------------
     0 | D:1      | Juicyj the Minotaur Gladiator began the quest for the Orb.
     0 | D:1      | Reached XP level 1. HP: 18/18 MP: 0/0
   242 | D:1      | Found Adiepp's Book Shoppe.
   427 | D:1      | Reached XP level 2. HP: 25/25 MP: 1/1
   728 | D:2      | Noticed Natasha
   736 | D:2      | Killed Natasha
   737 | D:2      | Reached skill level 4 in Axes
   737 | D:2      | Reached XP level 3. HP: 24/31 MP: 2/2
   747 | D:2      | Noticed Natasha
   756 | D:2      | Slain by an iron imp

Illustrated notes

Levels and vault maps discovered:
D:1:      lightli_arrival_maybe_door_vault, layout_basic, serial_shops,
          nicolae_lakefront_shop, serial_forest, infiniplex_forest_clump_small,
          infiniplex_forest_join, infiniplex_forest_clump_medium,
          infiniplex_forest_clump_diagonal, infiniplex_forest_fountain,
          infiniplex_forest_end_2, infiniplex_forest_clump_large,
          infiniplex_forest_fountain, infiniplex_forest_end_3,
          minmay_tetromino_i2
D:2:      layout_rooms, shapermc_ecumenical_altar_gd, uniq_natasha

Skill      XL: |  1  2 |
---------------+-------+-----
Fighting       | 3 |  3.1
Axes           | 4 |  4.1
Throwing       | |  2.5
Dodging        | |  3.7

Action                     || total
---------------------------++-------
  Melee: War axe           ||    32
         Headbutt          ||     3
  Throw: Throwing net      ||     2
    Use: Scroll            ||     1
 Armour: Leather armour    ||     4
  Dodge: Dodged            ||    21

Table legend: (Time is in decaauts)
 A = Elapsed time spent in this place.
 B = Non-inter-level travel time spent in this place.
 C = Inter-level travel time spent in this place.
 D = Time resting spent in this place.
 E = Time spent auto-exploring this place.
 F = Levels seen in this place.
 G = Mean time per level.
                   A        B        C        D        E       F      G
               +--------+--------+--------+--------+--------+-----+--------+
         Total |    771 |    730 |     41 |      0 |    626 |   2 |  385.5 |
       Dungeon |    771 |    730 |     41 |      0 |    626 |   2 |  385.5 |
               +--------+--------+--------+--------+--------+-----+--------+

Top non-repeatable levels by time:
     D:1: 666 daAuts
     D:2: 104 daAuts
